 Dungeon Crawl Stone Soup version 0.31-a0-841-g038b102fc3 (webtiles) character file.

Game seed: 4058535878418462805

168 redmage the Digger (level 5, 0/31 HPs)
             Began as an Octopode Earth Elementalist on Sept 27, 2023.
             Slain by an orc
             ... wielding a +0 short sword
              (5 damage)
             ... on level 4 of the Dungeon.
             The game lasted 00:08:33 (2550 turns).

redmage the Digger (Octopode Earth Elementalist)    Turns: 2550, Time: 00:08:35

Health: 0/31       AC:  1    Str:  7    XL:     5   Next: 48%
Magic:  4/10       EV: 13    Int: 20    God:
Gold:   171        SH:  0    Dex: 12    Spells: 4/10 levels left

rFire   . . .        o - +1 dagger (elec)
rCold   . . .        (no shield)
rNeg    . . .        (helmet restricted)
rPois   .            (no amulet)
rElec   .            (no ring)
rCorr   .            (no ring)
SInv    .            (no ring)
Will    .....        (no ring)
Stlth   +++          (no ring)
HPRegen 0.25/turn    (no ring)
MPRegen 0.12/turn    (no ring)
                     (no ring)

%: no passive effects
@: slowed, very slow
A: almost no armour, amphibious, 8 rings, camouflage 1, gelatinous body 1,
(nimble swimmer 1), tentacles
a: no special abilities


You were on level 4 of the Dungeon.
You visited 1 branch of the dungeon, and saw 4 of its levels.

You collected 171 gold pieces.

Inventory:

Hand Weapons
 c - a +0 dagger of venom
 o - a +1 dagger of electrocution (weapon)
Jewellery
 i - a ring of see invisible
Wands
 n - a wand of roots (2)
Scrolls
 d - a scroll of fear {unknown}
 e - a scroll of poison {unknown}
 f - a scroll of noise {unknown}
 g - a scroll of teleportation {unknown}
 j - a scroll of immolation {unknown}
 l - a scroll of identify {unknown}
Potions
 a - a potion of magic
 b - 3 potions of curing {unknown}
 h - a potion of enlightenment {unknown}
 k - a potion of lignification {unknown}
 m - a potion of experience {unknown}


   Skills:
 - Level 2.0 Dodging
 - Level 4.0 Stealth
 + Level 3.4 Spellcasting
 + Level 1.5 Conjurations
 - Level 1.0 Transmutations
 + Level 4.2 Earth Magic


You had 4 spell levels left.
You knew the following spells:

 Your Spells              Type           Power      Damage    Failure   Level
a - Sandblast             Erth           40%        2d10      2%          1
b - Passwall              Tmut/Erth      10%        N/A       7%          2
c - Stone Arrow           Conj/Erth      28%        3d8       13%         3

Your spell library contained the following spells:

 Spells                   Type           Power      Damage    Failure   Level
 Brom's Barrelling Bould  Conj/Erth      14%        2d4       38%         4
 Petrify                  Tmut/Erth      13%        N/A       43%         4
 Iskenderun's Battlesphe  Conj           9%         2d6       90%         5
 Bombard                  Conj/Erth      7%         9d2       100%        6
 Spellforged Servitor     Conj/Summ      3%         N/A       100%        7


Dungeon Overview and Level Annotations

Branches:
Dungeon (4/15)
 Temple: D:4-7

Altars:

Shops:
D:4 *=[

Annotations:
D:3 Natasha


Innate Abilities, Weirdness & Mutations

You cannot wear most types of armour.
You are amphibious.
You can wear up to eight rings at the same time.
Your skin changes colour to match your surroundings (Stealth+).
Your rubbery body absorbs attacks. (AC +1, EV +1)
((You are camouflaged when in or above water. (Stealth+)))
You have tentacles for arms and can constrict up to eight enemies at once.


Message History

The cerulean imp shouts!
The cerulean imp closely misses you.
The cerulean imp hits you from afar with a +0 spear.
There is a stone staircase leading down here.
The cerulean imp misses you.
You climb downwards.
The orc shouts! x3
Found three shops.
Found a stone staircase leading down.
There is a stone staircase leading up here.
Unknown command.
Casting: Sandblast (safe; 2% risk of failure)
Confirm with . or Enter, or press ? or * to list all spells.
Okay, then.
Unknown command.
Unknown command.
Okay, then.
Unknown command.
Okay, then.
Unknown command.
Unknown command.
Unknown command.
Casting: Stone Arrow (quite dangerous; 13% risk of failure)
Confirm with . or Enter, or press ? or * to list all spells.
Aiming: Stone Arrow (quite dangerous; 13% risk of failure)
Press: ? - help, Shift-Dir - straight line, f - orc
Aim: an orc, wielding a +0 flail (68% to hit)
The stone arrow misses the orc.
The orc barely misses you. The orc hits you with a +0 short sword.
The orc hits you with a +0 flail!
Unknown command.
Unknown command.
Casting: Stone Arrow (quite dangerous; 13% risk of failure)
Confirm with . or Enter, or press ? or * to list all spells.
Aiming: Stone Arrow (quite dangerous; 13% risk of failure)
Press: ? - help, Shift-Dir - straight line, f/p - orc
Aim: an orc, wielding a +0 flail (68% to hit)
The stone arrow misses the orc.
The orc misses you. The orc hits you with a +0 short sword.
The orc hits you with a +0 flail!
* * * LOW HITPOINT WARNING * * *
The orc hits you with a +0 short sword.
You die...

⌠..#...
.>.#...##
..∩#..8.##
####.....##
....∩.....
.....#####
#.8..#∩..#
#...5#o@o#
#....#o.⌠#
#....#####
####


You could see 3 orcs and an ufetubus.

Vanquished Creatures
  Ijyb (D:3)
  Jessica (D:3)
  Robin (D:3)
  4 adders
  A dart slug (D:2)
  2 orcs (D:3)
  3 bats (D:1)
  5 endoplasms
  2 giant cockroaches (D:3)
  11 goblins
  6 hobgoblins
  5 jackals (D:1)
  6 kobolds
  2 quokkas (D:3)
  2 ball pythons (D:1)
  3 frilled lizards
  8 rats
63 creatures vanquished.

Notes
Turn   | Place    | Note
-------+----------+-------------------------------------------
     0 | D:1      | redmage the Octopode Earth Elementalist began the quest for
                  | the Orb.
     0 | D:1      | Reached XP level 1. HP: 11/11 MP: 3/3
   147 | D:1      | Reached XP level 2. HP: 17/17 MP: 3/5
   333 | D:1      | Learned a level 2 spell: Passwall
   634 | D:1      | Reached XP level 3. HP: 20/21 MP: 6/6
  1664 | D:2      | Reached XP level 4. HP: 27/27 MP: 5/8
  1786 | D:3      | Learned a level 3 spell: Stone Arrow
  1873 | D:3      | Noticed Jessica
  1915 | D:3      | Killed Jessica
  2037 | D:3      | Reached XP level 5. HP: 31/31 MP: 9/9
  2138 | D:3      | Noticed Natasha
  2140 | D:3      | Reached skill level 1 in Conjurations
  2222 | D:3      | Noticed Ijyb
  2254 | D:3      | Killed Ijyb
  2414 | D:3      | Noticed Robin
  2428 | D:3      | Killed Robin
  2548 | D:4      | Found Ypreho Natz's Armour Shoppe.
  2548 | D:4      | Found Elirogu's Jewellery Shoppe.
  2548 | D:4      | Found Gigotwa's General Store.
  2550 | D:4      | Slain by an orc

Illustrated notes

Levels and vault maps discovered:
D:1:      dpeg_arrival_subterranean_lakeside_camping, layout_basic
D:2:      layout_loops_corners, lemuel_flame_loot_1
D:3:      layout_rooms, grunt_ministairs_5, uniq_natasha, uniq_ijyb, uniq_robin,
          uniq_jessica
D:4:      layout_basic, yredelemnul_altar_generic,
          minmay_temple_entry_stoned_glass, nicolae_shop_distant_corner_stores,
          uniq_sigmund, uniq_edmund

Skill      XL: |  1  2  3  4  5 |
---------------+----------------+-----
Stealth        | 3 4 |  4.0
Spellcasting   | 3 |  3.4
Earth Magic    | 4 |  4.2
Conjurations   | 1 |  1.5
Dodging        | |  2.0
Transmutations | |  1.0

Action                     |  1- 3 |  4- 6 || total
---------------------------+-------+-------++-------
  Melee: Dagger            |    32 |    34 ||    66
         Constrict         |     7 |     7 ||    14
         Tentacles         |     3 |     5 ||     8
   Cast: Sandblast         |    21 |    10 ||    31
         Passwall          |     3 |     5 ||     8
         Stone Arrow       |       |     3 ||     3
   Stab: Sleeping          |    13 |    11 ||    24
 Armour: Skin              |    12 |    21 ||    33
  Dodge: Dodged            |    11 |    22 ||    33

Table legend: (Time is in decaauts)
 A = Elapsed time spent in this place.
 B = Non-inter-level travel time spent in this place.
 C = Inter-level travel time spent in this place.
 D = Time resting spent in this place.
 E = Time spent auto-exploring this place.
 F = Levels seen in this place.
 G = Mean time per level.
                   A        B        C        D        E       F      G
               +--------+--------+--------+--------+--------+-----+--------+
         Total |   2567 |   2468 |     99 |     67 |   1948 |   4 |  641.8 |
       Dungeon |   2567 |   2468 |     99 |     67 |   1948 |   4 |  641.8 |
               +--------+--------+--------+--------+--------+-----+--------+

Top non-repeatable levels by time:
     D:1: 937 daAuts
     D:2: 819 daAuts
     D:3: 807 daAuts
     D:4: 2 daAuts
